 Dungeon Crawl Stone Soup version 0.26-a0-639-g72c4674329 (webtiles) character file.

Game seed: 11193025725573156985

746 Gargoyl the Skirmisher (level 7, -1/66 HPs)
             Began as a Gnoll Abyssal Knight on Sept 19, 2020.
             Was a Priest of Lugonu.
             Slain by Duvessa
             ... wielding a +0 short sword
              (10 damage)
             ... on level 4 of the Dungeon.
             The game lasted 00:08:21 (5239 turns).

Gargoyl the Skirmisher (Gnoll Abyssal Knight)       Turns: 5239, Time: 00:08:22

Health: -1/66      AC:  7    Str: 16    XL:     7   Next: 77%
Magic:  0/11       EV: 12    Int: 15    God:    Lugonu [***...]
Gold:   248        SH:  0    Dex: 14    Spells: 11/11 levels left

rFire    . . .     SeeInvis .   e - +2 war axe
rCold    . . .     Faith    .   (no shield)
rNeg     . . .     Spirit   +   h - +0 ring mail
rPois    .         Reflect  .   (no helmet)
rElec    .         Harm     .   g - +0 cloak
rCorr    .         Rampage  .   f - +0 pair of gloves
MR       .....                  p - -2 pair of boots (curse)
Stlth    +.........             o - amulet of guardian spirit
HPRegen  0.21/turn              (no ring)
MPRegen  0.12/turn              (no ring)

@: hasted, glowing, very quick
A: distributed training, fangs 1, blurry vision 1, robust 1, strong nose
a: Depart the Abyss, Bend Space, Banish, Renounce Religion


You were on level 4 of the Dungeon.
You worshipped Lugonu.
Lugonu was most pleased with you.
You visited 1 branch of the dungeon, and saw 5 of its levels.
You visited the Abyss 1 time.

You collected 248 gold pieces.

Inventory:

Hand Weapons
 a - a +1 hand axe
 e - a +2 war axe (weapon)
Missiles
 l - 5 poisoned darts (quivered)
Armour
 d - a +1 pair of boots
 f - a +0 pair of gloves (worn)
 g - a +0 cloak (worn)
 h - a +0 ring mail (worn)
 p - a cursed -2 pair of boots (worn)
Jewellery
 c - an uncursed amulet of reflection
 o - an amulet of guardian spirit (around neck)
Wands
 b - a wand of acid (8)
Scrolls
 j - a scroll of identify
 m - 3 scrolls of teleportation
 q - a scroll of magic mapping
Potions
 k - a potion of stabbing


   Skills:
 + Level 7.1 Fighting
 + Level 2.7 Short Blades
 + Level 2.7 Long Blades
 + Level 5.3 Axes
 + Level 2.7 Maces & Flails
 + Level 2.7 Polearms
 + Level 2.7 Staves
 + Level 2.7 Slings
 + Level 2.7 Bows
 + Level 2.7 Crossbows
 + Level 2.7 Throwing
 + Level 5.3 Armour
 + Level 3.8 Dodging
 + Level 2.7 Stealth
 + Level 2.7 Shields
 + Level 2.7 Unarmed Combat
 + Level 2.7 Spellcasting
 + Level 2.2 Conjurations
 + Level 2.2 Hexes
 + Level 2.2 Summonings
 + Level 2.2 Necromancy
 + Level 2.2 Translocations
 + Level 2.2 Transmutations
 + Level 2.2 Fire Magic
 + Level 2.2 Ice Magic
 + Level 2.2 Air Magic
 + Level 2.2 Earth Magic
 + Level 2.2 Poison Magic
 + Level 5.5 Invocations
 + Level 2.7 Evocations


You had 11 spell levels left.
You didn't know any spells.
Your spell library was empty.

Dungeon Overview and Level Annotations

Branches:
Dungeon (5/15)             Temple (0/1) D:4

Altars:

Annotations:
D:4 Duvessa


Innate Abilities, Weirdness & Mutations

Your experience applies equally to all skills.
You have very sharp teeth.
Your uncanny sense of smell can sniff out nearby items.
Scrolls take you a little longer to read.
You are robust. (+10% HP)


Message History

Duvessa barely misses you.
Unknown command.
You hit Duvessa but do no damage. Your bite misses Duvessa.
Duvessa is heavily wounded.
Duvessa hits you with a +0 short sword.
* * * LOW HITPOINT WARNING * * *
Duvessa closely misses you.
Unknown command.
You hit Duvessa.
Duvessa is severely wounded.
Duvessa hits you with a +0 short sword!
* * * LOW HITPOINT WARNING * * *
Unknown command.
You don't have enough magic at the moment.
Unknown command.
Okay, then.
You slash Duvessa!
Duvessa is almost dead.
Duvessa hits you with a +0 short sword!
You die...

########## .........#
.........# .........#
#############
#..........#
##..........######
............'..)@#
#...........####e#
#...........# #.#
#...........# #.#
..###...#.### #.#
...##.#.#.######.#######
...##.#.#.##...........#
....#.#.#.##...#.#####.#
[.#.#.#.#....###.#####.#


You could see Duvessa (berserk).

Vanquished Creatures
  Sigmund (D:3)
  Dowan (D:4)
  3 orc wizards
  Jessica (D:2)
  Ijyb (D:3)
  Terence (D:2)
  2 iguanas (D:4)
  4 worker ants (D:4)
  A worker ant zombie (D:3)
  3 gnolls (D:4)
  8 adders
  2 oozes
  2 adder skeletons
  3 worms
  A dart slug (D:1)
  3 leopard geckos
  11 orcs
  2 ball pythons
  6 giant cockroaches
  10 goblins
  5 hobgoblins
  6 jackals
  10 kobolds
  A ball python skeleton (D:4)
  8 bats
  2 frilled lizards (D:4)
  A quokka skeleton (D:5)
  7 rats
  2 bushes (D:1)
108 creatures vanquished.

Vanquished Creatures (others)
  5 plants (D:1)
  10 starspawn tentacles (Abyss:1)
15 creatures vanquished.

Grand Total: 123 creatures vanquished

Notes
Turn   | Place    | Note
-------+----------+-------------------------------------------
     0 | Abyss:1  | Gargoyl the Gnoll Abyssal Knight began the quest for the
                  | Orb.
     0 | Abyss:1  | Reached XP level 1. HP: 23/23 MP: 3/3
    66 | Abyss:1  | Noticed a rust devil
    67 | Abyss:1  | Noticed a tentacled starspawn
    69 | Abyss:1  | Noticed a ynoxinul
   111 | Abyss:1  | Found an ornate altar of the Wu Jian Council.
   137 | Abyss:1  | Noticed a starcursed mass
   139 | D:1      | Escaped the Abyss
   275 | D:1      | Reached * piety under Lugonu
   275 | D:1      | Reached XP level 2. HP: 28/29 MP: 5/5
   483 | D:1      | Reached XP level 3. HP: 35/35 MP: 6/6
  1783 | D:2      | Noticed Terence
  1796 | D:2      | Gained mutation: Scrolls take you a little longer to read.
                  | [potion of mutation]
  1796 | D:2      | Gained mutation: You are robust. (+10% HP) [potion of
                  | mutation]
  1820 | D:2      | Killed Terence
  1820 | D:2      | Reached skill level 1 in Short Blades
  1820 | D:2      | Reached skill level 1 in Long Blades
  1820 | D:2      | Reached skill level 1 in Maces & Flails
  1820 | D:2      | Reached skill level 1 in Polearms
  1820 | D:2      | Reached skill level 1 in Staves
  1820 | D:2      | Reached skill level 1 in Slings
  1820 | D:2      | Reached skill level 1 in Bows
  1820 | D:2      | Reached skill level 1 in Crossbows
  1820 | D:2      | Reached skill level 1 in Throwing
  1820 | D:2      | Reached skill level 1 in Stealth
  1820 | D:2      | Reached skill level 1 in Shields
  1820 | D:2      | Reached skill level 1 in Unarmed Combat
  1820 | D:2      | Reached skill level 1 in Spellcasting
  1820 | D:2      | Reached skill level 1 in Evocations
  1820 | D:2      | Reached XP level 4. HP: 38/45 MP: 7/7
  2431 | D:2      | Reached skill level 1 in Conjurations
  2431 | D:2      | Reached skill level 1 in Hexes
  2431 | D:2      | Reached skill level 1 in Summonings
  2431 | D:2      | Reached skill level 1 in Necromancy
  2431 | D:2      | Reached skill level 1 in Translocations
  2431 | D:2      | Reached skill level 1 in Transmutations
  2431 | D:2      | Reached skill level 1 in Fire Magic
  2431 | D:2      | Reached skill level 1 in Ice Magic
  2431 | D:2      | Reached skill level 1 in Air Magic
  2431 | D:2      | Reached skill level 1 in Earth Magic
  2431 | D:2      | Reached skill level 1 in Poison Magic
  2706 | D:2      | Reached ** piety under Lugonu
  2828 | D:2      | Noticed Jessica
  2833 | D:2      | Killed Jessica
  2833 | D:2      | Reached XP level 5. HP: 51/51 MP: 8/8
  3381 | D:3      | Noticed Sigmund
  3391 | D:3      | Killed Sigmund
  3391 | D:3      | Reached skill level 5 in Axes
  3391 | D:3      | Reached skill level 5 in Armour
  3391 | D:3      | Reached skill level 5 in Invocations
  3391 | D:3      | Reached XP level 6. HP: 50/58 MP: 9/9
  3471 | D:3      | Noticed Ijyb
  3478 | D:3      | Paralysed by Ijyb for 4 turns
  3487 | D:3      | Paralysed by Ijyb for 7 turns
  3498 | D:3      | Killed Ijyb
  4180 | D:4      | Found a staircase to the Ecumenical Temple.
  4194 | D:4      | Reached XP level 7. HP: 62/64 MP: 10/10
  4261 | D:4      | Reached *** piety under Lugonu
  4287 | D:4      | Reached skill level 7 in Fighting
  5129 | D:5      | Entered Level 5 of the Dungeon
  5192 | D:5      | Noticed Dowan
  5193 | D:5      | Noticed Duvessa
  5235 | D:4      | Killed Dowan
  5239 | D:4      | Slain by Duvessa

Illustrated notes

Levels and vault maps discovered:
D:1:      lightli_arrival_farm, layout_loops_ring, serial_forest,
          infiniplex_forest_end_2, infiniplex_forest_join,
          infiniplex_forest_end_3, infiniplex_forest_end_3,
          infiniplex_forest_corner_1, infiniplex_forest_corner_1,
          infiniplex_forest_clump_small, infiniplex_forest_straight_3,
          minmay_misc_feat_tower
D:2:      layout_loops_corners, minmay_close_crescents, uniq_jessica,
          uniq_terence
D:3:      layout_loops_ring, uniq_sigmund, uniq_ijyb
D:4:      layout_basic, minmay_temple_entry_drinking_statues
D:5:      layout_basic, uniq_prince_ribbit1, uniq_duvessa,
          uniq_crazy_yiuf_cottage, uniq_pikel

Skill      XL: |  1  2  3  4  5  6  7 |
---------------+----------------------+-----
Short Blades   | 1 2 |  2.7
Long Blades    | 1 2 |  2.7
Maces & Flails | 1 2 |  2.7
Polearms       | 1 2 |  2.7
Staves         | 1 2 |  2.7
Slings         | 1 2 |  2.7
Bows           | 1 2 |  2.7
Crossbows      | 1 2 |  2.7
Throwing       | 1 2 |  2.7
Stealth        | 1 2 |  2.7
Shields        | 1 2 |  2.7
Unarmed Combat | 1 2 |  2.7
Spellcasting   | 1 2 |  2.7
Evocations     | 1 2 |  2.7
Conjurations   | 1 2 |  2.2
Hexes          | 1 2 |  2.2
Summonings     | 1 2 |  2.2
Necromancy     | 1 2 |  2.2
Translocations | 1 2 |  2.2
Transmutations | 1 2 |  2.2
Fire Magic     | 1 2 |  2.2
Ice Magic      | 1 2 |  2.2
Air Magic      | 1 2 |  2.2
Earth Magic    | 1 2 |  2.2
Poison Magic   | 1 2 |  2.2
Dodging        | 3 |  3.8
Axes           | 5 |  5.3
Armour         | 5 |  5.3
Invocations    | 5 |  5.5
Fighting       | 7 |  7.1

Action                   |  1- 3 |  4- 6 |  7- 9 || total
-------------------------+-------+-------+-------++-------
Melee: Hand axe          |   400 |    73 |       ||   473
       Bite              |    84 |    20 |     3 ||   107
       Punch             |     5 |       |       ||     5
       War axe           |       |    99 |    82 ||   181
Throw: Dart              |       |     8 |       ||     8
Invok: Depart the Abyss  |     1 |       |       ||     1
  Use: Scroll            |     4 |     8 |       ||    12
       Potion            |     3 |       |     2 ||     5
 Stab: Sleeping          |     3 |     4 |     1 ||     8
Armor: Leather armour    |    22 |     5 |       ||    27
       Skin              |    13 |       |       ||    13
       Ring mail         |       |    40 |    20 ||    60
Dodge: Dodged            |    41 |    82 |    69 ||   192
Block: Other             |    18 |    34 |       ||    52

Table legend: (Time is in decaauts)
 A = Elapsed time spent in this place.
 B = Non-inter-level travel time spent in this place.
 C = Inter-level travel time spent in this place.
 D = Time resting spent in this place.
 E = Time spent auto-exploring this place.
 F = Levels seen in this place.
 G = Mean time per level.
                   A        B        C        D        E       F      G
               +--------+--------+--------+--------+--------+-----+--------+
         Total |   5327 |   5069 |    258 |    584 |   3007 |   6 |  887.8 |
       Dungeon |   5188 |   4930 |    258 |    584 |   2947 |   5 | 1037.6 |
         Abyss |    139 |    139 |      0 |      0 |     60 |   1 |  139.0 |
               +--------+--------+--------+--------+--------+-----+--------+

Top non-repeatable levels by time:
     D:1: 1667 daAuts
     D:2: 1510 daAuts
     D:4: 979 daAuts
     D:3: 929 daAuts
 Abyss:1: 139 daAuts
     D:5: 101 daAuts
